 Dungeon Sprint DCSS version 0.31-a0-155-gb63f529262 (webtiles) character file.

Game seed: 112671014101659537

9240 Conn the Scorcher (level 11, 0/63 HPs)
             Began as an Octopode Fire Elementalist on June 11, 2023.
             Was a High Priest of Sif Muna.
             Slain by a bone dragon (10 damage)
             ... in the Dungeon (Sprint II: "The Violet Keep of Menkaure") on June 12, 2023.
             The game lasted 00:29:45 (2154 turns).

Conn the Scorcher (Octopode Fire Elementalist)      Turns: 2154, Time: 00:29:45

Health: 0/63       AC:  3    Str:  8    XL:     11   Next: 43%
Magic:  14/30      EV: 16    Int: 19    God:    Sif Muna [*****.]
Gold:   233        SH:  5    Dex: 13    Spells: 5/40 levels left

rFire   + + +        j - staff of fire
rCold   + . .        (no shield)
rNeg    . . .        d - +2 hat
rPois   +            g - amulet of reflection
rElec   +            p - ring of protection from cold
rCorr   +            i - ring of fire
SInv    .            l - ring of poison resistance
Will    +....        q - ring of protection from cold
Stlth   +++++        (no ring)
HPRegen 0.30/turn    (no ring)
MPRegen 0.22/turn    (no ring)
                     (no ring)

%: no teleportation, reflection
@: brilliant, resistant, enlightened, flying, very slightly contaminated,
slowed, very slow
A: almost no armour, amphibious, 8 rings, camouflage 1, gelatinous body 1,
nimble swimmer 1, tentacles, dopey 1, cold vulnerability 1
a: Renounce Religion, Channel Magic, Forget Spell, Divine Exegesis


You were in the Dungeon.
You worshipped Sif Muna.
Sif Muna was extremely pleased with you.
You visited 1 branch You collected 2545 gold pieces.
You spent 2312 gold pieces at shops.

Inventory:

Armour
 d - a +2 hat (worn)
Magical Staves
 j - a staff of fire (weapon)
 k - a staff of poison
Jewellery
 g - an amulet of reflection (around mantle)
 i - a ring of fire (right tentacle)
 l - a ring of poison resistance (on tentacle)
 p - a ring of protection from cold (left tentacle)
 q - a ring of protection from cold (on tentacle)
Scrolls
 c - a scroll of fear
 f - a scroll of blinking
Potions
 a - 6 potions of magic
 b - 3 potions of curing
 e - 3 potions of enlightenment
 h - a potion of heal wounds
 n - a potion of berserk rage
 r - a potion of resistance


   Skills:
 + Level 1.6 Fighting
 + Level 7.1 Dodging
 - Level 5.8 Stealth
 + Level 0.8 Shields
 + Level 15.3 Spellcasting
 + Level 9.0 Conjurations
 + Level 3.2 Hexes
 + Level 0.9 Summonings
 + Level 15.8 Fire Magic
 * Level 6.4 Air Magic
 + Level 1.8 Poison Magic
 * Level 8.6 Invocations


You had 5 spell levels left.
You knew the following spells:

 Your Spells              Type           Power      Damage    Failure   Level
a - Foxfire               Conj/Fire      100%       2x1d9     1%          1
b - Scorch                Fire           100%       2d9       0%          2
c - Inner Flame           Hex/Fire       100%       N/A       1%          3
d - Flame Wave            Conj/Fire      100%       2d21      1%          4
e - Fireball              Conj/Fire      59%        3d23      1%          5
f - Mephitic Cloud        Conj/Pois/Air  53%        N/A       1%          3
g - Starburst             Conj/Fire      59%        6d16      4%          6
h - Call Imp              Summ           54%        N/A       4%          2
i - Plasma Beam           Fire/Air       56%        2x1d72    7%          6
j - Swiftness             Air            55%        N/A       1%          3

Your spell library contained the following spells:

 Spells                   Type           Power      Damage    Failure   Level
 Magic Dart               Conj           100%       1d8       1%          1
 Volatile Blastmotes      Fire/Tloc      100%       2d18      1%          3
 Ensorcelled Hibernation  Hex/Ice        62%        N/A       3%          2
 Tukima's Dance           Hex            40%        N/A       3%          3
 Passwall                 Tmut/Erth      17%        N/A       6%          2
 Portal Projectile        Hex/Tloc       62%        N/A       7%          3
 Blade Hands              Tmut           10%        N/A       75%         5


Dungeon Overview and Level Annotations

Branches:
Dungeon (1/1)

Altars:
Cheibriados
Dithmenos
Elyvilon
Fedhas
Gozag
Hepliaklqana
Kikubaaqudgha
Makhleb
Nemelex Xobeh
Okawaru
Qazlal
Ru
Sif Muna
Trog
Uskayaw
Vehumet
Wu Jian
Xom
Yredelemnul
Zin
The Shining One
Jiyva
Lugonu

Shops:
D *:?[:?!=(=[[!=[

Annotations:
D exclusions: obsidian statue, oklob plant and orange crystal statue


Innate Abilities, Weirdness & Mutations

You cannot wear most types of armour.
You are amphibious.
You can wear up to eight rings at the same time.
Your skin changes colour to match your surroundings (Stealth+).
Your rubbery body absorbs attacks. (AC +1, EV +1)
You are camouflaged when in or above water. (Stealth+)
You have tentacles for arms and can constrict up to eight enemies at once.
You are dopey. (Int -2)
You are vulnerable to cold. (rC-)


Message History

Your butterfly is engulfed in poison gas.
Your butterfly is poisoned.
Your butterfly dies!
Your butterfly disappears in a burst of colours!
Really fly into a travel-excluded area?
Your butterfly disappears in a burst of colours!
Your butterfly is engulfed in poison gas.
Your butterfly is poisoned.
Your butterfly dies!
Your butterfly disappears in a burst of colours!
The orange crystal statue is engulfed in mutagenic fog.
The orange crystal statue glitters.
Send 'em back where they came from!
Your butterfly disappears in a burst of colours! x2
The orange crystal statue is engulfed in mutagenic fog.
Unknown command.
Casting: Starburst (dangerous; 4% risk of failure)
Confirm with . or Enter, or press ? or * to list all spells.
Okay, then.
Unknown command.
Unknown command.
Casting: Starburst (dangerous; 4% risk of failure)
Confirm with . or Enter, or press ? or * to list all spells.
Okay, then.
Unknown command.
Unknown command.
Unknown command.
Unknown command.
Casting: Starburst (dangerous; 4% risk of failure)
Confirm with . or Enter, or press ? or * to list all spells.
Casting: Starburst (dangerous; 4% risk of failure)
Press: ? - help, Dir - look around, f - activate You feel a huge surge of power!
The bolt of fire hits the bone dragon!!
The bone dragon resists.
The bone dragon is heavily damaged.
The orange crystal statue is engulfed in mutagenic fog.
The bone dragon bites you!
* * * LOW HITPOINT WARNING * * *
The bone dragon closely misses you. The bone dragon tramples you!
You die...

##....∩°○.#~~#####..####..## #
##...∩.∩.°#°##b# #'###.##..# +
##..∩.∩..°#○#.b###.##...#..# #
##.∩.∩....'○'b##'.<.'###+..####
##∩.∩.....#°#.#.##.##...#..§.##
#▓▓▓▓▓▓▓###°##.###'###.##....§.
##$$G######~§####.).####v~.....
#(ll#{[ ##~D§#..#..#~~§§~~§..
#∩P=+$.#+ #'#@##...##§~§§~§~~.
#[$.#$##≈##[#§§##'##~~~§§≈~~~~
#$.l###≈≈§####§§~~~~~~§~≈≈≈≈~~
##+###≈≈≈≈ #§§§#'++#~≈≈≈≈≈§§
§§§§§§§##≈≈≈###§ ≈§§§§§§≈≈##§§#
#≈ +≈≈§§§8§§§§§+≈≈#+#§
##≈§≈§§§§§≈##≈≈≈≈§§ ##≈≈≈§§§≈##
#####


You could see a bone dragon and an orange crystal statue.

Vanquished Creatures
  Kirke (D)
  A cacodemon (D)
  A yaktaur captain (D)
  A centaur warrior (D)
  2 boulder beetles (D)
  A skeletal warrior (D)
  2 deep trolls (D)
  An elephant (D)
  A merfolk siren (D)
  A kobold demonologist (D)
  A yaktaur (D)
  3 polar bears (D)
  A hornet (D)
  A blink frog (D)
  3 yaks (D)
  4 neqoxecs (D)
  Menkaure (D)
  4 water moccasins (D)
  3 worms (D)
33 creatures vanquished.

Vanquished Creatures (others)
  A water moccasin (D)
  68 foxfires (D)
  40 tentacles (D)
109 creatures vanquished.

Grand Total: 142 creatures vanquished

Notes
Turn   | Place    | Note
-------+----------+-------------------------------------------
     0 | D        | Conn the Octopode Fire Elementalist began the quest for the
                  | Orb.
     0 | D        | Reached XP level 1. HP: 11/11 MP: 3/3
     1 | D        | Noticed a neqoxec
     6 | D        | Noticed a neqoxec
     7 | D        | Killed a neqoxec
     8 | D        | Reached XP level 2. HP: 17/17 MP: 4/7
     8 | D        | Reached XP level 3. HP: 21/21 MP: 4/8
     8 | D        | Reached XP level 4. HP: 27/27 MP: 5/10
     8 | D        | Reached XP level 5. HP: 31/31 MP: 5/11
    15 | D        | Killed a neqoxec
    16 | D        | Reached skill level 5 in Stealth
    16 | D        | Reached skill level 5 in Spellcasting
    16 | D        | Reached XP level 6. HP: 28/36 MP: 5/14
    33 | D        | Noticed a neqoxec
    35 | D        | Learned a level 2 spell: Scorch
    39 | D        | HP: 1/36 [neqoxec (14)]
    40 | D        | Gained mutation: You are dopey. (Int -2) [a neqoxec]
    41 | D        | Killed a neqoxec
    42 | D        | Reached skill level 5 in Dodging
    42 | D        | Reached skill level 10 in Fire Magic
   178 | D        | Learned a level 3 spell: Inner Flame
   183 | D        | Learned a level 4 spell: Flame Wave
   186 | D        | Found Pyoxt's Armour Emporium.
   186 | D        | Found Wuddouci's Jewellery Shoppe.
   187 | D        | Found Arisalai's Distillery.
   187 | D        | Found Josioj's Antique Armour Shoppe.
   187 | D        | Found Aharhif's Armour Emporium.
   192 | D        | Noticed Menkaure
   193 | D        | Found Netsydus's Jewellery Emporium.
   193 | D        | Found Iqirekic's Antique Weapon Shoppe.
   193 | D        | Found Geiff's Jewellery Shoppe.
   194 | D        | Killed Menkaure
   194 | D        | Noticed a neqoxec
   195 | D        | Reached XP level 7. HP: 42/42 MP: 14/17
   199 | D        | Killed a neqoxec
   200 | D        | Found Kown's Distillery.
   200 | D        | Found Muastrust's Magic Scroll Shoppe.
   200 | D        | Found Fuxzuq's Book Shoppe.
   200 | D        | Noticed a great orb of eyes
   206 | D        | Found Geocs's Antique Armour Shoppe.
   206 | D        | Found Ketyghull's Magic Scroll Emporium.
   206 | D        | Noticed an oklob plant
   215 | D        | Noticed a blink frog
   221 | D        | Killed a blink frog
   222 | D        | Reached skill level 1 in Fighting
   222 | D        | Reached skill level 5 in Conjurations
   222 | D        | Reached XP level 8. HP: 48/48 MP: 3/20
   227 | D        | Found Furunid's General Store.
   227 | D        | Found Riutwisa's Book Shoppe.
   229 | D        | Noticed a wyvern
   230 | D        | Noticed a wyvern
   253 | D        | Bought a scroll of fear for 56 gold pieces
   256 | D        | Bought an embroidered hat for 126 gold pieces
   269 | D        | Bought a potion of lignification for 42 gold pieces
   288 | D        | Noticed an orange crystal statue
   297 | D        | Found an iron altar of Okawaru.
   297 | D        | Found an opulent altar of Gozag.
   298 | D        | Found a sparkling altar of Nemelex Xobeh.
   298 | D        | Found a blossoming altar of Fedhas.
   299 | D        | Found a radiant altar of Vehumet.
   299 | D        | Found a burning altar of Makhleb.
   299 | D        | Found a white marble altar of Elyvilon.
   300 | D        | Found a hide-covered altar of Uskayaw.
   300 | D        | Found a corrupted altar of Lugonu.
   300 | D        | Found a shadowy altar of Dithmenos.
   301 | D        | Found a glowing silver altar of Zin.
   301 | D        | Found a bloodstained altar of Trog.
   301 | D        | Found an ancient bone altar of Kikubaaqudgha.
   302 | D        | Found a basalt altar of Yredelemnul.
   302 | D        | Found a shimmering blue altar of Sif Muna.
   302 | D        | Found a viscous altar of Jiyva.
   303 | D        | Found a shimmering altar of Xom.
   303 | D        | Found a sacrificial altar of Ru.
   305 | D        | Found a glowing golden altar of the Shining One.
   305 | D        | Found an ornate altar of the Wu Jian Council.
   305 | D        | Found a stormy altar of Qazlal.
   305 | D        | Found a snail-covered altar of Cheibriados.
   305 | D        | Found a hazy altar of Hepliaklqana.
   305 | D        | Noticed a hornet
   305 | D        | Noticed a polar bear
   306 | D        | Noticed a yaktaur
   311 | D        | Became a worshipper of Sif Muna the Loreminder
   315 | D        | Noticed a polar bear
   317 | D        | Noticed a polar bear
   321 | D        | Killed a polar bear
   322 | D        | Killed a polar bear
   324 | D        | Killed a yaktaur
   324 | D        | Reached * piety under Sif Muna
   325 | D        | Reached skill level 10 in Spellcasting
   325 | D        | Killed a hornet
   326 | D        | Reached XP level 9. HP: 30/53 MP: 4/23
   326 | D        | Killed a polar bear
   362 | D        | Noticed an obsidian statue
   486 | D        | Noticed a kraken
   619 | D        | Identified a scroll of acquirement
   619 | D        | Acquired 1018 gold pieces
  1053 | D        | Reached ** piety under Sif Muna
  1056 | D        | Reached skill level 1 in Invocations
  1165 | D        | Noticed a deep troll
  1165 | D        | Noticed a deep troll
  1178 | D        | Killed a deep troll
  1447 | D        | Killed a deep troll
  1447 | D        | Reached *** piety under Sif Muna
  1448 | D        | Reached XP level 10. HP: 59/59 MP: 16/27
  1508 | D        | Noticed a boulder beetle
  1508 | D        | Noticed a boulder beetle
  1533 | D        | Noticed a merfolk siren
  1537 | D        | Killed a merfolk siren
  1537 | D        | Reached **** piety under Sif Muna
  1578 | D        | Bought an amulet of reflection for 360 gold pieces
  1593 | D        | Bought a book of Fire for 616 gold pieces
  1593 | D        | Bought a book of Minor Magic for 252 gold pieces
  1599 | D        | Learned a level 5 spell: Fireball
  1603 | D        | Learned a level 3 spell: Mephitic Cloud
  1610 | D        | Learned a level 6 spell: Starburst
  1613 | D        | Learned a level 2 spell: Call Imp
  1620 | D        | Learned a level 6 spell: Plasma Beam
  1629 | D        | Bought a ring of fire for 300 gold pieces
  1641 | D        | Bought a ring of poison resistance for 260 gold pieces
  1671 | D        | Killed a boulder beetle
  1672 | D        | Reached skill level 1 in Hexes
  1672 | D        | Reached skill level 5 in Invocations
  1685 | D        | Killed a boulder beetle
  1741 | D        | Bought a ring of protection from cold for 300 gold pieces
  1776 | D        | Noticed Kirke
  1776 | D        | Noticed a skeletal warrior
  1776 | D        | Noticed a kobold demonologist
  1781 | D        | Noticed a manticore
  1782 | D        | Noticed a manticore
  1782 | D        | Killed Kirke
  1782 | D        | Killed a skeletal warrior
  1783 | D        | Reached skill level 15 in Fire Magic
  1783 | D        | Reached skill level 1 in Poison Magic
  1896 | D        | Noticed a centaur warrior
  1902 | D        | Killed a centaur warrior
  1903 | D        | Reached XP level 11. HP: 63/63 MP: 18/29
  1965 | D        | Reached ***** piety under Sif Muna
  1965 | D        | Received a gift from Sif Muna
  1966 | D        | Reached skill level 5 in Air Magic
  1979 | D        | Learned a level 3 spell: Swiftness
  1986 | D        | Reached skill level 15 in Spellcasting
  2130 | D        | Noticed a cacodemon
  2131 | D        | Noticed a bone dragon
  2131 | D        | Noticed a storm dragon
  2143 | D        | Noticed a yaktaur captain
  2145 | D        | Killed a yaktaur captain
  2145 | D        | Gained mutation: You are vulnerable to cold. (rC-) [a
                  | cacodemon]
  2148 | D        | Killed a cacodemon
  2154 | D        | Slain by a bone dragon

Illustrated notes

Levels and vault maps discovered:
D:        the_violet_keep_of_menkaure [sprint2_stairs_cluster_1,
          sprint2_shoproom, sprint2_temple, sprint2_basic_supplies,
          sprint2_obstacle_4, sprint2_obstacle_3, sprint2_obstacle_5,
          sprint2_obstacle_7, sprint2_obstacle_2, sprint2_timed_cluster_1,
          sprint2_smallroom_cluster_1, sprint2_smallroom_final_cluster_1,
          sprint2_transparent_cluster_1, sprint2_second_timed_cluster_1,
          sprint2_sniper_area_1, sprint2_heavy_combat_area_1,
          sprint2_mutation_trap_area_1, sprint2_forest_area_1,
          sprint2_light_combat_area_1, sprint2_behind_water_1,
          sprint2_near_end_vault_1]

Skill      XL: |  1  2  3  4  5  6  7  8  9 10 11 |
---------------+----------------------------------+-----
Dodging        | 3 4 5 6 7 |  7.1
Stealth        | 4 5 |  5.8
Spellcasting   | 4 5 6 8 10 13 14 15 | 15.3
Fire Magic     | 7 9 10 11 13 15 | 15.8
Conjurations   | 3 5 6 8 9 |  9.0
Fighting       | 1 |  1.6
Invocations    | 3 7 8 |  8.6
Hexes          | 2 3 |  3.2
Air Magic      | 4 6 |  6.4
Poison Magic   | 1 |  1.8
Shields        | |  0.8
Summonings     | |  0.9

Action                     |  1- 3 |  4- 6 |  7- 9 | 10-12 || total
---------------------------+-------+-------+-------+-------++-------
  Melee: Unarmed           |     4 |     7 |     1 |       ||    12
         Tentacles         |     2 |     1 |     1 |       ||     4
         Constrict         |     1 |     1 |       |       ||     2
   Cast: Scorch            |       |     5 |    25 |    12 ||    42
         Foxfire           |       |     1 |    33 |     6 ||    40
         Flame Wave        |       |       |     6 |     7 ||    13
         Inner Flame       |       |       |     3 |     7 ||    10
         Fireball          |       |       |       |     5 ||     5
         Mephitic Cloud    |       |       |       |     3 ||     3
         Call Imp          |       |       |       |     2 ||     2
         Starburst         |       |       |       |     3 ||     3
         Plasma Beam       |       |       |       |     2 ||     2
 Invoke: Channel Magic     |       |       |       |     1 ||     1
    Use: Potion            |     2 |     1 |     3 |     3 ||     9
         Scroll            |       |       |     5 |     2 ||     7
 Armour: Skin              |       |     1 |    16 |     1 ||    18
  Dodge: Dodged            |     1 |     2 |    11 |     8 ||    22
  Block: Other             |       |       |       |     1 ||     1

Table legend: (Time is in decaauts)
 A = Elapsed time spent in this place.
 B = Non-inter-level travel time spent in this place.
 C = Inter-level travel time spent in this place.
 D = Time resting spent in this place.
 E = Time spent auto-exploring this place.
 F = Levels seen in this place.
 G = Mean time per level.
                   A        B        C        D        E       F      G
               +--------+--------+--------+--------+--------+-----+--------+
         Total |   2161 |   2144 |     17 |    991 |      0 |   1 | 2161.0 |
       Dungeon |   2161 |   2144 |     17 |    991 |      0 |   1 | 2161.0 |
               +--------+--------+--------+--------+--------+-----+--------+

Top non-repeatable levels by time:
       D: 2161 daAuts
